 Dungeon Crawl Stone Soup version 0.31-a0-1549-g5ff9445e89 (webtiles) character file.

Game seed: 12431838415204809585

247902 hikkokomori the Devastator (level 19, -11/123 (125) HPs)
             Began as a Gargoyle Earth Elementalist on Jan 2, 2024.
             Was an Initiate of Gozag.
             Mangled by a dire elephant (28 damage)
             ... on level 1 of the Vaults.
             The game lasted 01:32:02 (38469 turns).

hikkokomori the Devastator (GrEE)                  Turns: 38469, Time: 01:32:02

HP:   -11/123 (125) AC: 39    Str: 15    XL:     19   Next: 55%
MP:   11/37         EV: 11    Int: 24    God:    Gozag
Gold: 1763          SH:  0    Dex: 10    Spells: 24/47 levels left

rFire   + . .        T - +8 frozen axe "Frostbite" {freeze, freezing cloud, *Noise Fly rC+}
rCold   + + .        (shield currently unavailable)
rNeg    + . .        a - +5 swamp dragon scales
rPois   ∞            g - +1 helmet
rElec   +            R - +0 cloak
rCorr   .            x - +2 pair of gloves
SInv    .            e - +0 pair of boots of the Devil {Int+3}
Will    +....        l - amulet of regeneration
Stlth   ++++         X - ring "Diukhif" {*Slow rC+ AC+4 Slay+6 Stlth+}
HPRegen 1.20/turn    f - ring of protection from fire
MPRegen 0.25/turn

%: slow self (1%)
@: gold aura, flying, very slightly contaminated, lightly drained
A: sickness immunity, AC +14, big wings, negative energy resistance 1,
electricity resistance, torment resistance 1, petrification resistance
}: 2/15 runes: decaying, serpentine
a: Renounce Religion, Potion Petition, Call Merchant, Bribe Branch


You were on level 1 of the Vaults.
You worshipped Gozag.
Gozag was most pleased with you.
You visited 8 branches of the dungeon, and saw 33 of its levels.
You also visited: Ossuary, Bailey and Volcano.

You collected 15005 gold pieces.
You spent 2910 gold pieces at shops.
You paid 10332 gold pieces to Gozag.

Inventory:

Hand Weapons
 S - the +7 morningstar "Qaetwiosk" {freeze, Str+5}
   (You bought it in a shop on level 4 of the Swamp)

   Str+5:     It affects your strength (+5).
 T - the +8 frozen axe "Frostbite" (weapon) {freeze, freezing cloud, *Noise Fly rC+}
   (You found it in a bailey)

   rC+:       It protects you from cold.
   Fly:       It grants you flight.
   *Noise:    It may make a loud noise when swung.
Armour
 a - +5 swamp dragon scales (worn)
 e - the +0 pair of boots of the Devil (worn) {Int+3}
   (You bought it in a shop on level 3 of the Swamp)

   Int+3:     It affects your intelligence (+3).
 g - a +1 helmet (worn)
 k - the +6 chain mail of Juekagea {rN+ Str+2 Dex+4}
   (You bought it in a shop on level 4 of the Dungeon)

   Str+2:     It affects your strength (+2).
   Dex+4:     It affects your dexterity (+4).
   rN+:       It protects you from negative energy.
 p - the +2 shield of Resistance {rF++ rC++ Will++}
   (You took it off an orc on level 12 of the Dungeon)

   rF++:      It greatly protects you from fire.
   rC++:      It greatly protects you from cold.
   Will++:    It greatly increases your willpower.
 x - a +2 pair of gloves (worn)
 z - a +1 ring mail of fire resistance
 B - a +0 pair of gloves of strength
 R - a +0 cloak (worn)
Jewellery
 f - a ring of protection from fire (right hand)
 h - a +5 ring of evasion
 l - an amulet of regeneration (around neck)
 r - a ring of positive energy
 K - an amulet of the acrobat
 L - an amulet of reflection
 P - a ring of fire
 W - an amulet of magic regeneration
 X - the ring "Diukhif" (left hand) {*Slow rC+ AC+4 Slay+6 Stlth+}
   (You found it on level 1 of the Swamp)

   [ring of protection]

   AC+4:      It affects your AC (+4).
   Slay+6:    It affects your accuracy & damage with ranged weapons and melee
   (+6).
   rC+:       It protects you from cold.
   *Slow:     It may slow you when you take damage.
   Stlth+:    It makes you more stealthy.
Wands
 u - a wand of paralysis (34)
 w - a wand of polymorph (14)
 C - a wand of flame (64)
 D - a wand of iceblast (40)
 M - a wand of acid (18)
 Z - a wand of mindburst (5)
Scrolls
 c - 6 scrolls of immolation
 i - 4 scrolls of fear
 j - 4 scrolls of vulnerability
 m - 3 scrolls of torment
 y - 2 scrolls of fog
 A - 3 scrolls of blinking
 E - a scroll of poison
 F - 8 scrolls of teleportation
 O - 4 scrolls of revelation
 V - 4 scrolls of amnesia
 Y - 13 scrolls of identify
Potions
 b - 5 potions of magic
 d - 5 potions of heal wounds
 n - 10 potions of attraction
 o - a potion of cancellation
 q - 3 potions of enlightenment
 s - 2 potions of haste {unknown}
 t - a potion of berserk rage
 G - 4 potions of invisibility
 H - 7 potions of might
 I - 5 potions of mutation
 J - 3 potions of ambrosia
 N - 6 potions of brilliance
 Q - 7 potions of curing
 U - 3 potions of lignification
Miscellaneous
 v - a condenser vane


   Skills:
 - Level 16.0 Fighting
 + Level 12.9 Axes
 + Level 4.3 Armour
 - Level 3.1 Dodging
 - Level 9.3 Stealth
 - Level 5.3 Shields
 + Level 14.7 Spellcasting
 + Level 16.9 Conjurations
 - Level 5.7 Necromancy
 - Level 9.0 Ice Magic
 + Level 10.1 Air Magic
 - Level 9.2 Earth Magic
 - Level 4.1 Evocations


You had 24 spell levels left.
You knew the following spells:

 Your Spells              Type           Power      Damage    Failure   Level
a - Sandblast             Erth           100%       2d20      1%          1
b - Stone Arrow           Conj/Erth      100%       3d13      1%          3
c - Freezing Cloud        Conj/Ice/Air   33%        6-21      1%          5
d - Blink                 Tloc           34%        N/A       9%          2
e - Brom's Barrelling Bo  Conj/Erth      69%        2d8       1%          4
f - Mephitic Cloud        Conj/Alch/Air  57%        N/A       1%          3
g - Borgnjor's Vile Clut  Necr/Erth      26%        N/A       8%          5

Your spell library contained the following spells:

 Spells                   Type           Power      Damage    Failure   Level
 Magic Dart               Conj           100%       1d8       0%          1
 Mercury Vapours          Alch/Air       84%        N/A       1%          2
 Dazzling Flash           Conj/Hex       100%       N/A       1%          3
 Hailstorm                Conj/Ice       68%        3d12      1%          3
 Passwall                 Erth           58%        N/A       1%          3
 Vampiric Draining        Necr           45%        2d9       1%          3
 Summon Ice Beast         Ice/Summ       39%        N/A       2%          3
 Slow                     Hex            68%        N/A       6%          1
 Summon Small Mammal      Summ           68%        N/A       6%          1
 Call Imp                 Summ           34%        N/A       9%          2
 Petrify                  Alch/Erth      39%        N/A       9%          4
 Call Canine Familiar     Summ           17%        N/A       19%         3
 Confusing Touch          Hex            17%        N/A       19%         3
 Sigil of Binding         Hex            17%        N/A       19%         3
 Tukima's Dance           Hex            17%        N/A       19%         3
 Volatile Blastmotes      Fire/Tloc      34%        2d12      19%         3
 Anguish                  Hex/Necr       15%        N/A       19%         4
 Silence                  Hex/Air        21%        N/A       21%         5
 Starburst                Conj/Fire      27%        6d9       28%         6
 Dimensional Bullseye     Hex/Tloc       8%         N/A       52%         4
 Summon Blazeheart Golem  Fire/Summ      17%        N/A       52%         4
 Alistair's Intoxication  Alch           11%        N/A       86%         5
 Maxwell's Capacitive Co  Air            30%        ∞         99%         8
 Eringya's Noxious Bog    Alch           8%         4d6       100%        6
 Sculpt Simulacrum        Ice/Alch       Unusable   N/A       N/A         6

Dungeon Overview and Level Annotations

Branches:
Dungeon (15/15)            Temple (1/1) D:6            Lair (5/5) D:10
  Swamp (4/4) Lair:2        Snake (4/4) Lair:2        Slime (1/5) Lair:5
    Orc (2/2) D:12            Elf (0/3) Orc:2        Vaults (1/5) D:13
 Depths (0/4) D:15        Ossuary (visited)          Bailey (visited)
Volcano (visited)

Altars:
Ashenzari
Cheibriados
Dithmenos
Elyvilon
Fedhas
Gozag
Hepliaklqana
Kikubaaqudgha
Makhleb
Nemelex Xobeh
Okawaru
Qazlal
Ru
Sif Muna
Trog
Uskayaw
Vehumet
Wu Jian
Xom
Yredelemnul
Zin
The Shining One
Jiyva

Shops:
D:4 [   Orc:2 [=*!=:**   Lair:2 [?   Swamp:3 [=   Swamp:4 (   Snake:3 =:=

Annotations:
D:5 1 runed translucent door, Atlas's ghost, novice NaFE


Innate Abilities, Weirdness & Mutations

You are immune to sickness and miasma.
Your stone body is resilient. (AC +14)
You are immune to poison.
Your large and strong wings let you fly.
You resist negative energy. (rN+)
You are resistant to electric shocks. (rElec)
You are resistant to unholy torment.
You are immune to petrification.


Message History

Press: ? - help, Dir - move target, f - vault warden, p - dire elephant
Aim: a vault warden, wielding a +0 arbalest and wearing a +0 plate armour (severely wounded, strong, constricted by zombie hands)
The zombie hands constrict the dire elephant. x2
The zombie hands constrict the vault warden.
The dire elephant escapes!
The dire elephant is engulfed in freezing vapours.
The dire elephant escapes!
The vault warden is engulfed in freezing vapours.
The vault warden struggles to escape constriction.
Unknown command.
Unknown command.
You hit the dire elephant. You freeze the dire elephant.
The dire elephant is almost dead.
The zombie hands constrict the vault warden.
The ironbound convoker is engulfed in freezing vapours.
The ironbound convoker gestures at the dire elephant while chanting.
The dire elephant seems to grow stronger.
The dire elephant is engulfed in freezing vapours.
The dire elephant tramples you!
* * * LOW HITPOINT WARNING * * *
You are shoved backwards!
The vault warden is engulfed in freezing vapours.
You kill the vault warden!
The runic seal fades away.
Unknown command.
Unknown command.
Casting: Freezing Cloud (mildly dangerous; 1% risk of failure)
Confirm with . or Enter, or press ? or * to list all spells.
Aiming: Borgnjor's Vile Clutch (dangerous; 8% risk of failure)
Press: ? - help, Shift-Dir - straight line, f - dire elephant
Aim: a dire elephant (freezing vapour, lightly wounded, strong, 100% to hit)
You miscast Borgnjor's Vile Clutch.
You are very lightly contaminated with residual magic.
You shiver with cold.
You partially resist.
You feel drained.
* * * LOW HITPOINT WARNING * * *
The ironbound convoker is engulfed in freezing vapours.
The dire elephant is engulfed in freezing vapours.
The dire elephant tramples you!!
You die...
Your body crumbles into a pile of gold.

.......#########..........#
.......#[......#..........#
.......#.......#..........#
.......'.......#......>...#
.....(.'.......#..........#
.......#.......'..........#
.......#.......#..........#
'#######.......#..........#
......##########@.........#
......# #Y.........#
......# #§§§.......#
......# #§§§.......#
......# #Y§§.......#
......# #§§§.......#
......# ###§§p.......#
......# #$+§§§§......#
####### ###..........#


You could see 2 dire elephants and an ironbound convoker.

Vanquished Creatures
  the Lernaean hydra (Swamp:4)
  Jorgrun (D:12)
  3 nagarajas (Snake:4)
  Roxanne (Swamp:1)
  A thorn hunter (Swamp:2)
  2 fenstrider witches
  2 vault wardens (Vaults:1)
  3 orc warlords
  4 ironbound preservers (Vaults:1)
  Nessos (Lair:4)
  2 eleionomae (Swamp:3)
  5 bunyips
  4 dire elephants (Vaults:1)
  A crystal guardian (D:15)
  An ettin (Orc:2)
  Josephine (Lair:3)
  2 yaktaur captains (Vaults:1)
  A shambling mangrove (Swamp:1)
  A deep elf high priest (Vaults:1)
  12 hydras
  6 salamander tyrants
  Erica (D:11)
  3 boulder beetles
  3 vault guards (D:13)
  2 centaur warriors
  4 ghost crabs
  5 ogre magi
  2 catoblepae
  A tengu warrior (D:14)
  5 alligators
  A dancing weapon (Volcano)
  17 two-headed ogres
  The ghost of tgirl the Slicer, a journeyman OpEn of Wu Jian (D:11)
  3 ironbound frosthearts (Vaults:1)
  16 anacondas
  5 death yaks (Lair:5)
  9 naga warriors
  2 occultists (Volcano)
  8 naga sharpshooters
  3 shock serpents
  An orc high priest (Orc:2)
  A skyshark (Lair:3)
  A sun demon (D:15)
  5 salamander mystics
  A fire crab (D:15)
  7 goliath frogs
  2 spriggan druids
  16 deep trolls (Vaults:1)
  17 swamp dragons
  A flayed ghost (Vaults:1)
  2 bog bodies
  15 mana vipers
  13 naga ritualists
  10 arcanists
  An orb spider (shapeshifter) (D:15)
  A necromancer (D:13)
  A lindwurm (D:15)
  2 ironbound convokers (Vaults:1)
  8 orc knights
  3 orc sorcerers
  12 ugly things
  6 deep elf pyromancers
  Maurice (D:9)
  2 will-o-the-wisps (Swamp:2)
  24 salamanders
  5 toenail golems (Volcano)
  2 cyclopes
  14 elephants
  41 black mambas
  4 naga magi
  A guardian serpent (Snake:4)
  3 meliai (D:14)
  A molten gargoyle (D:15)
  An ice statue (D:14)
  2 kobold blastminers (Orc:2)
  3 vault sentinels (Vaults:1)
  6 gargoyles
  18 cane toads
  A komodo dragon (shapeshifter) (D:15)
  Jeremiah (D:8)
  An unseen horror (shapeshifter) (D:13)
  Maggie (D:10)
  14 komodo dragons
  An unseen horror (D:12)
  9 yaktaurs
  2 rime drakes
  Psyche (D:8)
  7 trolls
  15 tyrant leeches
  A raiju (D:15)
  2 polar bears
  13 blink frogs
  2 wolf spider simulacra (D:15)
  7 hornets
  A hornet (shapeshifter) (D:11)
  11 dream sheep
  6 slime creatures (Slime:1)
  2 water elementals (D:15)
  8 spriggans
  5 air elementals (D:15)
  2 shadows
  A wyvern (Lair:3)
  2 vampires
  5 wraiths
  34 yaks
  24 humans
  2 steam dragons (D:8)
  6 basilisks
  2 wargs
  17 vampire mosquitoes
  17 swamp worms
  An acid dragon (D:12)
  21 nagas
  15 water moccasins
  A meliai simulacrum (D:15)
  4 sky beasts
  7 swamp drakes
  30 orc warriors
  3 black bears
  2 laughing skulls (D:13)
  20 wolves
  26 ogres
  6 boggarts
  20 centaurs
  A kobold brigand (D:9)
  An elf zombie (Ossuary)
  16 bullfrogs
  2 scorpions
  A gnoll sergeant (D:7)
  2 burial acolytes (Ossuary)
  12 wights
  3 electric eels (Lair:5)
  3 howler monkeys (D:10)
  2 bombardier beetles (D:3)
  7 jellies (Lair:5)
  23 orc priests
  3 hounds
  Crazy Yiuf (D:4)
  A gnoll bouda (D:7)
  Ijyb (D:4)
  24 orc wizards
  6 iguanas
  4 mummies (Ossuary)
  Robin (D:4)
  14 gnolls
  2 adders
  2 white imps
  A ribbon worm (D:2)
  2 dart slugs
  112 orcs
  5 bats
  6 endoplasms
  2 giant cockroaches
  3 gnoll zombies (Ossuary)
  14 goblins
  7 hobgoblins
  4 jackals (D:3)
  4 quokkas
  4 ball pythons
  4 frilled lizards
  8 kobolds
  2 kobold zombies (Ossuary)
  2 orc zombies (Ossuary)
  5 rats
1096 creatures vanquished.

Vanquished Creatures (collateral kills)
  A boulder (D:11)
1 creature vanquished.

Vanquished Creatures (others)
  An eleionoma (Swamp:3)
  A spriggan air mage (Swamp:3)
  A goliath frog (Swamp:3)
  A rust devil (D:15)
  A bloated husk (Swamp:3)
  A bullfrog (Lair:2)
  2 boulders
  4 foxfires (Swamp:2)
12 creatures vanquished.

Grand Total: 1109 creatures vanquished

Notes
Turn   | Place    | Note
-------+----------+-------------------------------------------
     0 | D:1      | hikkokomori the Gargoyle Earth Elementalist began the quest
                  | for the Orb.
     0 | D:1      | Reached XP level 1. HP: 10/10 MP: 3/3
   212 | D:1      | Reached XP level 2. HP: 16/16 MP: 3/5
  1036 | D:1      | Reached skill level 1 in Fighting
  1392 | D:2      | Reached XP level 3. HP: 15/20 MP: 6/6
  2311 | D:3      | Reached XP level 4. HP: 21/26 MP: 8/8
  2411 | D:3      | Reached XP level 5. HP: 32/32 MP: 9/9
  2776 | D:3      | Found a shimmering altar of Xom.
  2898 | D:4      | Noticed Robin
  2915 | D:4      | Killed Robin
  3129 | D:4      | Found Isoqiakh's Antique Armour Shoppe.
  3246 | D:4      | Noticed Ijyb
  3254 | D:4      | Learned a level 3 spell: Stone Arrow
  3260 | D:4      | Killed Ijyb
  3261 | D:4      | Reached skill level 5 in Earth Magic
  3261 | D:4      | Reached XP level 6. HP: 38/38 MP: 10/10
  3679 | D:4      | Found a runed translucent door.
  3680 | D:4      | Noticed Crazy Yiuf
  3730 | D:5      | Entered Level 5 of the Dungeon
  4107 | D:5      | Reached XP level 7. HP: 44/44 MP: 11/11
  4173 | D:5      | Reached skill level 5 in Fighting
  4202 | D:5      | Found a runed translucent door.
  4240 | D:5      | Reached skill level 5 in Stealth
  4288 | D:5      | Noticed Atlas's ghost (novice NaFE)
  4645 | D:4      | Killed Crazy Yiuf
  4650 | D:4      | Identified the +3 hammer of Ethail {heavy, rPois MP+9 Dex-2
                  | Stlth-}
  4785 | D:6      | Found a staircase to the Ecumenical Temple.
  4795 | Temple   | Entered the Ecumenical Temple
  4903 | Temple   | Learned a level 5 spell: Freezing Cloud
  4906 | Temple   | Learned a level 2 spell: Blink
  4908 | Temple   | Became a worshipper of Gozag Ym Sagoz the Greedy
  5147 | D:6      | Found a sand-covered staircase.
  5151 | Ossuary  | Entered an ossuary
  5598 | Ossuary  | Reached XP level 8. HP: 51/51 MP: 12/12
  6152 | D:6      | Found a snail-covered altar of Cheibriados.
  7184 | D:7      | Reached skill level 5 in Conjurations
  7495 | D:7      | Reached XP level 9. HP: 58/58 MP: 15/15
  7683 | D:7      | Found a bloodstained altar of Trog.
  8681 | D:8      | Found a sparkling altar of Nemelex Xobeh.
  8697 | D:8      | Found a shimmering blue altar of Sif Muna.
  8813 | D:8      | Found a burning altar of Makhleb.
  8821 | D:8      | Identified the +0 robe of Ybbisaleje {rPois}
  9067 | D:8      | Noticed Jeremiah
  9073 | D:8      | Killed Jeremiah
  9074 | D:8      | Reached skill level 5 in Spellcasting
  9154 | D:8      | Noticed Psyche
  9157 | D:8      | Killed Psyche
  9322 | D:8      | Reached XP level 10. HP: 66/66 MP: 18/18
  9851 | D:9      | Noticed a two-headed ogre
  9932 | D:9      | Reached skill level 10 in Fighting
  9939 | D:9      | Killed a two-headed ogre
 10375 | D:9      | Noticed Maurice
 10383 | D:9      | Paralysed by something for 4 turns
 10385 | D:9      | Something stole 228 gold
 10393 | D:9      | Killed Maurice
 10959 | D:10     | Entered Level 10 of the Dungeon
 10971 | D:10     | Learned a level 4 spell: Brom's Barrelling Boulder
 10975 | D:10     | Learned a level 3 spell: Mephitic Cloud
 10995 | D:10     | Found a hide-covered altar of Uskayaw.
 11037 | D:10     | Found a flagged portal.
 11037 | D:10     | Found the +5 Force Lance {heavy, knockback}
 11051 | Bailey   | Entered a bailey
 11397 | Bailey   | Reached skill level 1 in Evocations
 11402 | Bailey   | Reached skill level 1 in Air Magic
 11694 | Bailey   | Found the +8 frozen axe "Frostbite" {freeze, freezing
                  | cloud, *Noise Fly rC+}
 11790 | Bailey   | Reached XP level 11. HP: 74/74 MP: 17/20
 12729 | D:10     | Noticed a two-headed ogre
 12735 | D:10     | Killed a two-headed ogre
 12865 | D:10     | Noticed a two-headed ogre
 12872 | D:10     | Killed a two-headed ogre
 12876 | D:10     | Found a staircase to the Lair.
 12930 | D:10     | Noticed Maggie
 12933 | D:10     | Killed Maggie
 13388 | D:10     | Found a broken altar of Ashenzari.
 13549 | D:10     | Found a shadowy altar of Dithmenos.
 13911 | D:11     | Noticed Erica
 13916 | D:11     | Killed Erica
 13918 | D:11     | Noticed a red ugly thing
 13921 | D:11     | Reached skill level 1 in Axes
 13921 | D:11     | Reached skill level 1 in Ice Magic
 13929 | D:11     | Killed a red ugly thing
 14089 | D:11     | Found a glowing silver altar of Zin.
 14316 | D:11     | Noticed a two-headed ogre
 14321 | D:11     | Killed a two-headed ogre
 14416 | D:11     | Found a runed translucent gate.
 14416 | D:11     | Found a runed translucent gate.
 14416 | D:11     | Found a runed translucent gate.
 14419 | D:11     | Found an opulent altar of Gozag.
 14421 | D:11     | Noticed a centaur warrior
 14421 | D:11     | Noticed tgirl's ghost (journeyman OpEn)
 14430 | D:11     | a komodo dragon changed into an entropy weaver
 14430 | D:11     | Noticed an entropy weaver (shapeshifter)
 14431 | D:11     | an entropy weaver changed into a moth of wrath
 14431 | D:11     | Noticed a moth of wrath (shapeshifter)
 14530 | D:11     | Reached XP level 12. HP: 69/82 MP: 23/23
 14878 | Lair:1   | Entered Level 1 of the Lair of Beasts
 16195 | Lair:2   | Found a dark tunnel.
 16210 | Volcano  | Entered a volcano
 16377 | Volcano  | Noticed an occultist
 16383 | Volcano  | Killed an occultist
 16487 | Volcano  | Noticed an occultist
 16492 | Volcano  | Killed an occultist
 16499 | Volcano  | Reached skill level 10 in Conjurations
 16743 | Lair:2   | Reached skill level 5 in Air Magic
 16941 | Lair:2   | Found a staircase to the Snake Pit.
 16985 | Lair:2   | Reached XP level 13. HP: 84/89 MP: 10/25
 17020 | Lair:2   | Found a staircase to the Swamp.
 17831 | Lair:2   | Bought a scroll of blinking for 112 gold pieces
 17849 | Lair:2   | Bought the +4 Cigotuvi's embrace {Corpsefed rMiasma ^Drain
                  | rN+} for 303 gold pieces
 17849 | Lair:2   | Found the +4 Cigotuvi's embrace {Corpsefed rMiasma ^Drain
                  | rN+}
 17923 | Lair:3   | Noticed Josephine
 17930 | Lair:3   | Killed Josephine
 17931 | Lair:3   | Reached skill level 5 in Ice Magic
 17944 | Lair:3   | Reached skill level 5 in Axes
 18372 | Lair:3   | You are sucked into a shaft and drop 2 floors!
 18372 | Lair:5   | Entered Level 5 of the Lair of Beasts
 18515 | Lair:5   | Gained mutation: Your large and strong wings let you fly.
                  | [Gargoyle growth]
 18515 | Lair:5   | Reached XP level 14. HP: 89/96 MP: 7/27
 18841 | Lair:5   | Reached skill level 10 in Spellcasting
 18872 | Lair:5   | Found a viscous altar of Jiyva.
 18872 | Lair:5   | Found a staircase to the Slime Pits.
 20724 | Lair:4   | Noticed Nessos
 20735 | Lair:4   | Killed Nessos
 21359 | Slime:1  | Entered Level 1 of the Pits of Slime
 21431 | Lair:5   | Identified a scroll of acquirement
 21432 | Lair:5   | Acquired 957 gold pieces
 21608 | D:11     | Killed tgirl's ghost
 21679 | D:12     | Reached XP level 15. HP: 100/100 MP: 29/29
 21982 | D:12     | Found a staircase to the Orcish Mines.
 22595 | D:12     | Noticed Jorgrun
 22611 | D:12     | Killed Jorgrun
 22963 | D:13     | Found a gate to the Vaults.
 23281 | D:13     | Got the Discourse on the Doomed Atmosphere
 23606 | Orc:1    | Entered Level 1 of the Orcish Mines
 23807 | Orc:1    | Found a transporter.
 23814 | Orc:1    | Found a transporter.
 23829 | Orc:1    | Found an ornate altar of the Wu Jian Council.
 23829 | Orc:1    | Found a transporter.
 23953 | Orc:1    | Found a transporter.
 23954 | Orc:1    | Found an ornate altar of the Wu Jian Council.
 23954 | Orc:1    | Noticed an orc warlord
 24091 | Orc:1    | Killed an orc warlord
 24200 | Orc:2    | Entered Level 2 of the Orcish Mines
 24227 | Orc:2    | Found a staircase to the Elven Halls.
 24347 | Orc:2    | Reached skill level 1 in Armour
 24347 | Orc:2    | Reached skill level 1 in Shields
 24613 | Orc:2    | Found a bloodstained altar of Trog.
 24692 | Orc:2    | Found Gajour's Antique Armour Shop.
 24692 | Orc:2    | Found Tuazopp's Jewellery Shoppe.
 24693 | Orc:2    | Found Jacwiunuxa's Assorted Antiques.
 24693 | Orc:2    | Found Mempu Usyk's Distillery.
 24702 | Orc:2    | Bought a potion of magic for 112 gold pieces
 24702 | Orc:2    | Bought a potion of invisibility for 112 gold pieces
 24702 | Orc:2    | Bought a potion of heal wounds for 70 gold pieces
 24702 | Orc:2    | Bought a potion of mutation for 112 gold pieces
 24947 | Orc:2    | Noticed an orc warlord
 25081 | Orc:2    | Reached XP level 16. HP: 92/107 MP: 28/31
 25856 | Orc:2    | Bought a slimy scale mail for 261 gold pieces
 25856 | Orc:2    | Identified the +2 scale mail of a Billion Ghosts {-Tele
                  | rN+++ SInv Stlth-} (You bought it in a shop on level 2 of
                  | the Orcish Mines)
 25863 | Orc:2    | Bought Great Wizards, Vol. II for 532 gold pieces
 25867 | Orc:2    | Bought a pair of glowing gloves for 142 gold pieces
 25867 | Orc:2    | Bought a twisted glass wand for 76 gold pieces
 25875 | Orc:2    | Bought a spiked chain mail for 304 gold pieces
 25875 | Orc:2    | Identified the +0 chain mail "Veipt" {Dex+4} (You bought it
                  | in a shop on level 2 of the Orcish Mines)
 26316 | D:14     | You are sucked into a shaft and drop 1 floor!
 26316 | D:15     | Entered Level 15 of the Dungeon
 26321 | D:15     | Paralysed by an air elemental for 1 turns
 26328 | D:15     | Paralysed by an air elemental for 1 turns
 26523 | D:15     | Found a staircase to the Depths.
 26545 | D:15     | Identified the +0 falchion "Seji" {freeze, Fly rN++ Dex-3}
 26673 | D:15     | Reached skill level 5 in Shields
 26697 | D:15     | Paralysed by an air elemental for 1 turns
 26812 | D:15     | Paralysed by an air elemental for 1 turns
 26998 | D:15     | Learned a level 5 spell: Borgnjor's Vile Clutch
 27338 | D:15     | Paralysed by an air elemental for 1 turns
 27344 | D:15     | Paralysed by an air elemental for 1 turns
 27357 | D:15     | Reached skill level 1 in Necromancy
 27839 | D:14     | Found a glowing golden altar of the Shining One.
 27839 | D:14     | Found a glowing silver altar of Zin.
 27839 | D:14     | Found a white marble altar of Elyvilon.
 28253 | Swamp:1  | Entered Level 1 of the Swamp
 28260 | Swamp:1  | Noticed Roxanne
 28278 | Swamp:1  | Reached skill level 10 in Axes
 28431 | Swamp:1  | Identified the ring "Diukhif" {*Slow rC+ AC+4 Slay+6
                  | Stlth+}
 28517 | Swamp:1  | Noticed a thorn hunter
 28848 | Swamp:1  | Reached XP level 17. HP: 48/112 MP: 20/33
 29432 | Swamp:1  | Killed Roxanne
 29532 | Swamp:2  | Paralysed by a fenstrider witch for 5 turns
 31042 | Snake:1  | Entered Level 1 of the Snake Pit
 31342 | Snake:1  | Found a shimmering blue altar of Sif Muna.
 32236 | Snake:2  | Reached skill level 15 in Conjurations
 32518 | Snake:2  | You are sucked into a shaft and drop 1 floor!
 32527 | Snake:3  | Reached skill level 5 in Necromancy
 32729 | Snake:3  | Found Kurois's Jewellery Shoppe.
 32729 | Snake:3  | Found Kutomedgh's Book Boutique.
 32730 | Snake:3  | Found Jocoza's Jewellery Shoppe.
 33405 | Snake:3  | Reached XP level 18. HP: 117/118 MP: 35/35
 33612 | Snake:3  | Reached skill level 15 in Fighting
 33911 | Snake:4  | Entered Level 4 of the Snake Pit
 34682 | Snake:4  | Got a serpentine rune of Zot
 35862 | Swamp:4  | Entered Level 4 of the Swamp
 35868 | Swamp:3  | Bought a pair of encrusted boots for 294 gold pieces
 35868 | Swamp:3  | Identified the +0 pair of boots of the Devil {Int+3} (You
                  | bought it in a shop on level 3 of the Swamp)
 36218 | Swamp:4  | Noticed the 27-headed Lernaean hydra
 36228 | Swamp:4  | Killed the 26-headed Lernaean hydra
 36246 | Swamp:4  | Reached XP level 19. HP: 51/125 MP: 21/37
 36625 | Swamp:4  | Got a decaying rune of Zot
 36927 | Swamp:4  | Bought a steaming morningstar for 252 gold pieces
 36927 | Swamp:4  | Identified the +7 morningstar "Qaetwiosk" {freeze, Str+5}
                  | (You bought it in a shop on level 4 of the Swamp)
 37195 | D:4      | Bought a jewelled chain mail for 228 gold pieces
 37195 | D:4      | Identified the +6 chain mail of Juekagea {rN+ Str+2 Dex+4}
                  | (You bought it in a shop on level 4 of the Dungeon)
 37570 | Vaults:1 | Entered Level 1 of the Vaults
 37911 | Vaults:1 | Reached skill level 10 in Air Magic
 38469 | Vaults:1 | Mangled by a dire elephant

Illustrated notes

Levels and vault maps discovered:
D:1:      hellmonk_arrival_library, layout_loops_corners
D:2:      layout_loops_ring, serial_bayou_lagoon_a, kennysheep_generic_room_4
D:3:      minmay_general_purpose_star, layout_rooms, xom_teletrap_fun,
          hangedman_decor_push
D:4:      layout_gridville, serial_shops, nicolae_shop_behind_doors,
          serial_library_hellmonk_recessed_alcove, small_statue_intersection,
          minmay_crystal_room, nicolae_kite_square_tiling_tiny, uniq_robin,
          uniq_crazy_yiuf_cottage, uniq_ijyb
D:5:      layout_basic, hellmonk_ghost_happy_afterlife, minmay_fountain_box
D:6:      layout_layer_cave, nicolae_overflow_crystal_walls,
          minmay_temple_entry_junction, enter_ossuary_5
D:7:      layout_basic, trog_butcher_becter
D:8:      layout_basic, mainiacjoe_overflow_chevrons, jmf_multi_god_temple,
          minmay_statues_item, uniq_jeremiah, uniq_psyche
D:9:      layout_stronghold, minmay_stone_trees_small, corexii_hall_statues_l,
          uniq_maurice
D:10:     layout_loops_corners, general_overflow_altar,
          mainiacjoe_overflow_surrounded_room, lemuel_coloured_pillars_altar,
          erik_lair_orcish_takeover, enter_bailey_2, uniq_maggie
D:11:     layout_loops_corners, ebering_ghost_gozag, zin_academy, uniq_erica
D:12:     layout_basic, david_orc_2, nicolae_hexahallways, uniq_jorgrun
D:13:     layout_roguey, grunt_vaults_entry_tiered
D:14:     lemuel_ice_statue, layout_irregular_city, good_gods_mini_temple
D:15:     hangedman_crystal_crosses_colossus [crystal_crosses_arms_four,
          crystal_crosses_arms_four, crystal_crosses_arms_two]
Temple:   oiseaux_autumnal_temple
Lair:1:   layout_layer_cave
Lair:2:   layout_chaotic_city, minmay_swamp_entry_reptiles,
          guppyfry_snake_entry_garden, lightli_volcano_entry_magma_tube,
          grunt_forest_stairs_clearing
Lair:3:   layout_loops_ring, serial_bayou_crossing, uniq_josephine
Lair:4:   layout_small_grid, uniq_nessos
Lair:5:   minmay_lair_end_frog_pond, layout_loops_ring,
          nicolae_slime_entry_slimehenge, serial_bayou, serial_bayou_pond_e,
          serial_bayou_lake_a, serial_bayou_pond_b, st_stairs_6
Swamp:1:  layout_basic_swamp, nicolae_swamp_ascending_descending, swamp_pool_3,
          uniq_roxanne
Swamp:2:  layout_basic_swamp, serial_swamp_ruin, evilmike_swamp_ruin_house_2,
          evilmike_swamp_ruin_rubble_2, evilmike_swamp_ruin_house_6,
          swamp_pool_1_2
Swamp:3:  layout_falls_marsh, hangedman_swamp_ruin_wall, swamp_pool_1_2,
          nicolae_swamp_tree_isthmus
Swamp:4:  swamp_old_school, layout_basic_swamp
Snake:1:  layout_layer_cave, basic_altar, serial_bayou_pond_c
Snake:2:  layout_rooms
Snake:3:  layout_gridlike, minmay_shop_grove
Snake:4:  johnstein_snake_rune_scales, layout_cave_town
Slime:1:  layout_caves
Orc:1:    dreamdust_wu_jian_sword_trials, layout_caves, basic_altar
Orc:2:    st_orc_ogre_mass, layout_diamond_mine, basic_altar,
          lightli_church_of_beogh
Vaults:1: vaults_room_hallway, v_misc_9, nicolae_vaults_surprise_closet_hard,
          grunt_vaults_funnel, nicolae_vaults_yaktaur_gun_rack,
          nicolae_vaults_stepped_doors, vaults_room_semicircle, v_rooms_2,
          nicolae_vaults_house_2, nicolae_vaults_three_branches,
          nicolae_vaults_hexular_roomagon, layout_vaults_omnibox, serial_shops,
          nicolae_shop_hallway_plus

Skill      XL: |  1  2  3  4  5  6  7  8  9 10 11 12 13 14 15 16 17 18 19 |
---------------+----------------------------------------------------------+-----
Fighting       | 1 2 3 4 6 7 9 11 12 13 14 15 16 | 16.0
Earth Magic    | 4 5 6 7 8 9 |  9.2
Stealth        | 3 4 5 6 7 8 9 |  9.3
Conjurations   | 2 3 4 5 6 8 9 10 11 12 13 14 15 16 | 16.9
Spellcasting   | 3 4 5 6 7 8 9 10 11 12 13 14 | 14.7
Evocations     | 1 4 |  4.1
Air Magic      | 1 3 5 6 7 8 9 10 | 10.1
Axes           | 1 4 6 7 8 10 11 12 | 12.9
Ice Magic      | 1 4 6 8 9 |  9.0
Armour         | 3 4 |  4.3
Shields        | 3 5 |  5.3
Dodging        | 3 |  3.1
Necromancy     | 2 5 |  5.7

Action                     |  1- 3 |  4- 6 |  7- 9 | 10-12 | 13-15 | 16-18 | 19-21 || total
---------------------------+-------+-------+-------+-------+-------+-------+-------++-------
  Melee: Unarmed           |     1 |       |       |       |       |       |       ||     1
         Mace              |       |       |    23 |       |       |       |       ||    23
         Lance             |       |       |       |    54 |       |       |       ||    54
         Executioner's axe |       |       |       |   124 |   551 |   707 |   128 ||  1510
   Cast: Sandblast         |    59 |    81 |    21 |    24 |       |       |       ||   185
         Stone Arrow       |       |     3 |   137 |   147 |    23 |    48 |       ||   358
         Brom's Barrelling |       |       |       |     2 |     1 |       |       ||     3
         Freezing Cloud    |       |       |       |    18 |    67 |    93 |    20 ||   198
         Mephitic Cloud    |       |       |       |     1 |     2 |       |       ||     3
         Borgnjor's Vile C |       |       |       |       |       |     3 |     1 ||     4
 Invoke: Call Merchant     |       |       |       |       |     2 |     6 |     1 ||     9
  Evoke: Wand              |       |       |     1 |     3 |     2 |     2 |       ||     8
         Condenser vane    |       |       |       |       |       |     1 |       ||     1
    Use: Scroll            |       |       |     8 |    12 |    11 |     9 |     5 ||    45
         Potion            |       |       |     1 |     2 |     1 |     3 |       ||     7
   Stab: Distracted        |       |       |       |     1 |     6 |     6 |     1 ||    14
         Sleeping          |       |       |       |     7 |     7 |    16 |     3 ||    33
 Armour: Robe              |    11 |    23 |    63 |   288 |    24 |       |       ||   409
         Leather armour    |       |       |       |       |   482 |   983 |    73 ||  1538
         Swamp dragon scal |       |       |       |       |       |       |   189 ||   189
  Dodge: Dodged            |    18 |    20 |    32 |   186 |   532 |   531 |   138 ||  1457

Table legend: (Time is in decaauts)
 A = Elapsed time spent in this place.
 B = Non-inter-level travel time spent in this place.
 C = Inter-level travel time spent in this place.
 D = Time resting spent in this place.
 E = Time spent auto-exploring this place.
 F = Levels seen in this place.
 G = Mean time per level.
                   A        B        C        D        E       F      G
               +--------+--------+--------+--------+--------+-----+--------+
         Total |  39375 |  36602 |   2773 |    805 |  28169 |  36 | 1093.8 |
       Dungeon |  18090 |  16543 |   1547 |     36 |  13946 |  15 | 1206.0 |
        Temple |    142 |     12 |    130 |      0 |      0 |   1 |  142.0 |
          Lair |   6574 |   6184 |    390 |    123 |   4605 |   5 | 1314.8 |
         Swamp |   3910 |   3682 |    228 |    479 |   2333 |   4 |  977.5 |
     Snake Pit |   4863 |   4648 |    215 |     74 |   3624 |   4 | 1215.8 |
    Slime Pits |     72 |     72 |      0 |     33 |      0 |   1 |   72.0 |
  Orcish Mines |   2420 |   2160 |    260 |     60 |   1384 |   2 | 1210.0 |
        Vaults |    926 |    926 |      0 |      0 |    651 |   1 |  926.0 |
       Ossuary |    571 |    571 |      0 |      0 |    486 |   1 |  571.0 |
        Bailey |   1327 |   1327 |      0 |      0 |    928 |   1 | 1327.0 |
       Volcano |    477 |    477 |      0 |      0 |    212 |   1 |  477.0 |
               +--------+--------+--------+--------+--------+-----+--------+

Top non-repeatable levels by time:
    D:10: 1689 daAuts
  Lair:5: 1677 daAuts
   Orc:2: 1662 daAuts
     D:6: 1531 daAuts
     D:7: 1505 daAuts
  Lair:2: 1481 daAuts
     D:8: 1479 daAuts
 Snake:3: 1443 daAuts
    D:15: 1365 daAuts
  Lair:1: 1357 daAuts
  Bailey: 1327 daAuts
    D:11: 1322 daAuts
    D:12: 1291 daAuts
     D:1: 1285 daAuts
 Swamp:1: 1279 daAuts
